 Dungeon Crawl Stone Soup version bcrawl-1.32 (webtiles) character file.

Game seed: 9048014080438731364

121648 Morbidden the Sneak (level 2, 0/16 HPs)
             Began as a Vine Stalker Archaeologist on June 28, 2021.
             Slain by a goblin (3 damage)
             ... on level 1 of the Dungeon.
             The game lasted 00:00:32 (264 turns).

Morbidden the Sneak (Vine Stalker Archaeologist)     Turns: 264, Time: 00:00:32

Health: 0/16       AC:  6    Str: 13    XL:     2   Next: 45%
Magic:  3/3        EV: 13    Int: 14    God:
Gold:   32         SH:  0    Dex: 12    Spells: 1/1 levels left

rFire    . . .     SeeInvis .     - Fists (3.3)
rCold    . . .     Gourm    .   (no shield)
rNeg     . . .     Faith    .   c - +1 robe
rPois    .         Spirit   .   d - +1 hat
rElec    .         Reflect  .   (no cloak)
rCorr    .         Harm     .   (no gloves)
MR       .....                  i - +1 pair of boots
Stlth    +++.......             (no amulet)
HPRegen  0.45/turn              (no ring)
MPRegen  0.08/turn              (no ring)

@: no status effects
A: fangs 2, regeneration 1, no potion heal 3, rot immunity, strong jaws
a: no special abilities


You were on level 1 of the Dungeon.
You were not hungry.

You visited 1 branch of the dungeon, and saw 1 of its levels.

You collected 32 gold pieces.

Inventory:

Hand Weapons
 b - a +0 blowgun
Missiles
 f - 6 curare-tipped needles
Armour
 c - a +1 robe (worn)
 d - a +1 hat (worn)
 i - a +1 pair of boots (worn)
Scrolls
 g - a scroll of magic mapping
Potions
 a - a potion of heal wounds {unknown}
Miscellaneous
 h - a dusty tome
Comestibles
 e - 2 rations {!d}
 j - 9 chunks of flesh


   Skills:
 + Level 1.0 Fighting
   Level 0.8 Maces & Flails
 + Level 3.5 Dodging
 + Level 5.2 Stealth


You had one spell level left.
You didn't know any spells.
Your spell library was empty.

Dungeon Overview and Level Annotations

Branches:
Dungeon (1/12)

Altars:


Innate Abilities, Weirdness & Mutations

You have extremely sharp teeth.
Your natural rate of healing is unusually fast.
Potions cannot restore your health.
You are immune to rotting.
Your bites deal extra damage.


Message History

The jackal closely misses you. The hobgoblin barely misses you.
The jackal barely misses you. The jackal closely misses you. x2
The goblin misses you.
You closely miss the goblin. The jackal misses you.
The jackal closely misses you. The jackal misses you.
The hobgoblin barely misses you. The jackal barely misses you.
The jackal bites you. The goblin barely misses you.
You closely miss the jackal. The jackal bites you. x2
The jackal bites you but does no damage.
The hobgoblin misses you. The jackal closely misses you.
The jackal bites you but does no damage.
The jackal misses you. The goblin hits you but does no damage.
You barely miss the jackal. The jackal bites you.
* * * LOW HITPOINT WARNING * * *
The jackal misses you. The jackal closely misses you.
The hobgoblin hits you but does no damage.
The jackal barely misses you.
The jackal bites you but does no damage.
The jackal barely misses you. The goblin hits you.
You die...

#...# #........ #.###
#.#...... #.#
#.##.≈≈≈≈ #.#
#.##.≈§.§ #.#
##.§...... #.#
#...§≈≈≈≈. #.#
###...≈.)<≈. ##h##
#.....≈.≈.§. #g@h#
#.###.≈.≈≈≈≈ #.hgh.#
#.≈....§ #.......#
..#.≈...≈> #.........#
#...≈.§.§≈
##..............≈.....
.#.........###.≈.....
............# #l≈≈≈≈≈≈
...#.....%..##
#..(.... ########


You could see 4 jackals, a hobgoblin and a goblin.

Vanquished Creatures
  A dart slug (D:1)
  A leopard gecko (D:1)
  3 hobgoblins (D:1)
  2 jackals (D:1)
  A ball python (D:1)
  A bat (D:1)
  A kobold (D:1)
  A rat (D:1)
11 creatures vanquished.

Notes
Turn   | Place    | Note
-------+----------+-------------------------------------------
     0 | D:1      | Morbidden the Vine Stalker Archaeologist began the quest
                  | for the Orb.
     0 | D:1      | Reached XP level 1. HP: 11/11 MP: 2/2
   100 | D:1      | Reached skill level 5 in Stealth
   100 | D:1      | Reached XP level 2. HP: 13/16 MP: 3/3
   124 | D:1      | Reached skill level 1 in Fighting
   264 | D:1      | Slain by a goblin

Skill      XL: |  1  2 |
---------------+-------+-----
Stealth        | 5 |  5.2
Fighting       | 1 |  1.0
Maces & Flails | |  0.8
Dodging        | |  3.5

Action                   || total
-------------------------++-------
Melee: Unarmed           ||    96
       Bite              ||    11
 Stab: Sleeping          ||     1
Armor: Robe              ||    49
Dodge: Dodged            ||   108
